Thunder vs Tamiflu

Created - 30 janvier 2017 at 19:06

Goals
1 2 3 OT1 T
Thunder 2 2 2 1 7
Tamiflu 4 1 1 0 6
Shots
1 2 3 OT1 T
Thunder 20 13 10 1 44
Tamiflu 16 10 15 0 41

1st period

1. Tamiflu , Robert Dome 14 (Petr Pohl) at 7:37
2. Tamiflu , Greg Mauldin 20 (Jamie Arniel, Philip Samuelsson) at 10:42 (SH)
3. Thunder , Dany Roussin 19 (Tom Pyatt, Jay Beagle) at 11:15 (PP)
4. Tamiflu , Petr Pohl 16 (Robert Dome, Thomas Greiss) at 11:49 (PP)
5. Tamiflu , Jan Mursak 12 (Jordan Hendry, Tye McGinn) at 14:23
6. Thunder , Jay Beagle 16 (Kris Russell, Dany Roussin) at 14:37

Penalties :
Nino Niederreiter (Det) for High sticking (Minor) at 9:47, Tom Pyatt (TRO) for Kneeing (Minor) at 11:39, Mike Duco (Det) for Kneeing (Minor) at 15:42, Thomas Greiss (Det) for Slashing (Minor) at 16:19 - Nino Niederreiter served the penalty

2nd period

7. Thunder , Daultan Leveillé 10 (Magnus Paajarvi-Svensson, Kris Russell) at 0:33
8. Tamiflu , Robert Dome 15 (Jordan Hendry, Petr Pohl) at 1:11 (PP)
9. Thunder , Dany Roussin 20 (Jay Beagle, Tom Pyatt) at 8:45 (PP)

Penalties :
Magnus Paajarvi-Svensson (TRO) for Goalie Interference (Minor) at 0:55, Philip Samuelsson (Det) for Roughing (Minor) at 1:38, Mattias Tedenby (Det) for Interference (Minor) at 5:30, Petr Pohl (Det) for Tripping (Minor) at 7:51, Daultan Leveillé (TRO) for Roughing (Minor) at 11:27, Tye McGinn (Det) for Holding (Minor) at 19:37

3rd period

10. Tamiflu , Tye McGinn 7 (Philip Samuelsson, Jan Mursak) at 2:55
11. Thunder , David Fischer 5 (Kris Russell, Jay Beagle) at 3:03
12. Thunder , Dany Roussin 21 (Tom Pyatt, Evgeny Kuznetsov) at 5:03

Penalties :
Nino Niederreiter (Det) for High sticking (Minor) at 5:06, Tyson Barrie (TRO) for High sticking (Minor) at 6:08, Philip Samuelsson (Det) for Roughing (Minor) at 8:54, Tom Pyatt (TRO) for Roughing (Double Minor) at 15:54

Overtime #1

13. Thunder , Tyson Barrie 2 (David Clarkson, Tom Pyatt) at 1:13

Penalties :
No Penalty

Goalie Stats

Devan Dubnyk (TRO), 11 saves from 15 shots - (0,733), 14:23 minutes
Erik Ersberg (TRO), 24 saves from 26 shots - (0,923), W, 4-4-0, 46:50 minutes
Thomas Greiss (Det), 37 saves from 44 shots - (0,841), OTL, 18-12-6, 61:13 minutes

Players Stats for Thunder

Player Name              G  A  P  +/- PIM S  H  SB GA TA FO     MP     PP MP  PK MP  
------------------------------------------------------------------------------------
Brett Festerling         0  0  0  -1  0   0  2  0  0  1  0/0    10:57   0:00   0:00 
Casey Pierro-Zabotel     0  0  0   0  0   0  0  0  0  0  0/0     5:45   0:00   0:00 
Dalton Smith             0  0  0   0  0   0  0  0  0  0  0/0     0:18   0:01   0:00 
Dany Roussin             3  1  4   2  0   9  1  0  2  0  9/15   27:10   9:04   3:57 
Daultan Leveillé         1  0  1   0  2   1  1  0  0  0  3/14   14:34   4:52   0:00 
David Clarkson           0  1  1   1  0   3  5  0  1  0  1/1    16:56   4:52   2:20 
David Fischer            1  0  1   3  0   4  2  3  0  1  0/0    28:32   8:55   4:41 
David Wolf               0  0  0  -2  0   0  0  0  0  0  0/0    10:08   0:00   0:09 
Evgeny Kuznetsov         0  1  1  -2  0   3  1  2  0  1  4/8    11:03   0:00   1:04 
Jared Staal              0  0  0   0  0   0  1  0  0  0  0/0     5:45   0:00   0:00 
Jay Beagle               1  3  4   2  0   6  1  0  0  2  0/1    27:06   9:03   3:57 
Joe Labate               0  0  0   0  0   0  0  0  0  0  0/0     0:30   0:00   0:10 
Joey Ryan                0  0  0   0  0   0  0  3  1  0  0/0    20:37   5:01   2:07 
Josiah Didier            0  0  0  -1  0   0  0  0  0  0  0/0     1:31   0:00   0:38 
Kelly Zajac              0  0  0   0  0   2  0  0  0  0  1/2     5:45   0:00   0:00 
Kris Russell             0  3  3   2  0   3  1  2  0  1  0/0    29:26   8:55   4:41 
Magnus Paajarvi-Svensson 0  1  1   0  2   1  2  1  0  1  0/0    15:07   4:52   1:00 
Peter Andersson          0  0  0  -1  0   0  0  0  0  0  0/0    11:16   0:00   0:43 
Robin Leblanc            0  0  0  -2  0   1  2  2  2  0  0/0    11:02   0:00   1:03 
Tom Pyatt                0  4  4   3  6   9  0  0  1  0  18/38  22:49   9:04   1:12 
Tyson Barrie             1  0  1   0  2   2  1  3  0  0  0/0    20:07   5:00   2:02 

Players Stats for Tamiflu

Player Name              G  A  P  +/- PIM S  H  SB GA TA FO     MP     PP MP  PK MP  
------------------------------------------------------------------------------------
Adam Larsson             0  0  0   0  0   1  0  1  1  0  0/0    17:40   0:52   7:18 
Casey Wellman            0  0  0   1  0   0  0  0  0  0  1/2     5:26   0:00   0:00 
Colin Greening           0  0  0   0  0   3  0  0  0  0  2/4     9:09   0:12   0:14 
Greg Mauldin             1  0  1  -1  0   2  2  1  1  0  18/29  18:50   3:20   1:55 
Jamie Arniel             0  1  1   0  0   2  0  1  0  1  7/17   17:27   2:20   3:56 
Jan Mursak               1  1  2   2  0   4  0  0  0  0  1/3    15:56   0:00   9:08 
Jordan Hendry            0  2  2   3  0   3  1  0  0  0  0/0    24:38   3:57   7:17 
Justin Braun             0  0  0  -1  0   1  0  3  0  1  0/0    11:26   1:22   0:00 
Lucas Lessio             0  0  0   1  0   0  0  0  0  0  0/0     6:05   0:12   0:27 
Mattias Tedenby          0  0  0  -1  2   0  0  0  0  0  0/1    11:22   1:34   0:00 
Mike Duco                0  0  0   0  2   6  2  0  0  0  0/0     9:30   0:44   0:04 
Nathan Oystrick          0  0  0   0  0   0  3  0  0  1  0/0    19:43   3:09   7:15 
Nino Niederreiter        0  0  0  -2  4   0  4  1  1  2  1/1    18:15   3:22   3:10 
Petr Pohl                1  2  3  -1  2   6  1  1  1  0  11/19  24:35   3:20   7:36 
Philip Samuelsson        0  2  2  -1  4   3  1  3  0  1  0/0    29:26   3:57   4:26 
Robert Dome              2  1  3  -3  0   6  0  0  2  0  2/2    16:34   4:22   0:00 
Stefan Elliott           0  0  0  -3  0   1  1  1  1  1  0/0    20:06   2:07   1:36 
Tye McGinn               1  1  2   1  2   3  2  0  0  0  0/1    12:21   2:20   0:00 

3 Stars

1 - Dany Roussin (TRO)
2 - Jay Beagle (TRO)
3 - Kris Russell (TRO)

Power Play

Thunder - 2 on 9 Attempt(s) - 22,22%
Tamiflu - 2 on 6 Attempt(s) - 33,33%

Penalty Kill

Thunder - 4 on 6 Attempt(s) - 66,67% - Score 0 goal in Penalty Kill
Tamiflu - 7 on 9 Attempt(s) - 77,78% - Score 1 goal in Penalty Kill

Team Stat

Thunder - Hits : 20 - Faceoff Wins : 36 - Blocked Shots : 16 - Penalty Minutes : 12
Tamiflu - Hits : 17 - Faceoff Wins : 43 - Blocked Shots : 12 - Penalty Minutes : 18

Official

Referees : Walsh Ian and Rooney Chris
Linesman : Thor Nelson and Steve Barton

Game Notes

Erik Ersberg enters game at 14:23 of 1st period
Dany Roussin has scored a Hat Trick!

Finance

Level 1 -- Attendance: 1437 (71,85%) -- Ticket Income 35 925 $
Level 2 -- Attendance: 700 (70,00%) -- Ticket Income 7 000 $
Total Attendance: 2137 (71,23%)
Total Ticket Income: 42 925 $
Other Income: 2 146 $
Total Income: 45 071 $

Thunder

5 vs 5 Forward 
   Center                   Left Wing                Right Wing               Time % Phy DF OF 
 1 Tom Pyatt                Dany Roussin             Jay Beagle               40     1   2  2  
 2 Daultan Leveillé         Magnus Paajarvi-Svensson David Clarkson           30     1   2  2  
 3 Evgeny Kuznetsov         David Wolf               Robin Leblanc            20     1   2  2  
 4 Kelly Zajac              Casey Pierro-Zabotel     Jared Staal              10     1   2  2  

5 vs 5 Defense 
   Defense                  Defense                                           Time % Phy DF OF 
 1 Kris Russell             David Fischer                                     40     1   2  2  
 2 Joey Ryan                Tyson Barrie                                      30     1   2  2  
 3 Brett Festerling         Peter Andersson                                   20     1   2  2  
 4 Josiah Didier            Kris Russell                                      10     1   2  2  

PowerPlay Forward 
   Center                   Left Wing                Right Wing               Time % Phy DF OF 
 1 Tom Pyatt                Dany Roussin             Jay Beagle               60     1   2  2  
 2 Daultan Leveillé         Magnus Paajarvi-Svensson David Clarkson           40     1   2  2  

PowerPlay Defense
   Defense                  Defense                                           Time % Phy DF OF 
 1 Kris Russell             David Fischer                                     60     1   2  2  
 2 Joey Ryan                Tyson Barrie                                      40     1   2  2  

Penalty Kill 4 Players Forward 
   Center                   Wing                     Time % Phy DF OF 
 1 Dany Roussin             Jay Beagle               60     1   2  2  
 2 Tom Pyatt                David Clarkson           40     1   2  2  

Penalty Kill 4 Players Defense
   Defense                  Defense                  Time % Phy DF OF 
 1 Kris Russell             David Fischer            60     1   2  2  
 2 Joey Ryan                Tyson Barrie             40     1   2  2  

Penalty Kill - 3 Players Forward 
   Forward                                           Time % Phy DF OF 
 1 Dany Roussin                                      60     1   2  2  
 2 Jay Beagle                                        40     1   2  2  

Penalty Kill - 3 Players Defense
   Defense                  Defense                  Time % Phy DF OF 
 1 Kris Russell             David Fischer            60     1   2  2  
 2 Joey Ryan                Tyson Barrie             40     1   2  2  

4 vs 4 Forward 
   Center                   Wing                     Time % Phy DF OF 
 1 Dany Roussin             Jay Beagle               60     1   2  2  
 2 Tom Pyatt                David Clarkson           40     1   2  2  

4 vs 4 Defense
   Defense                  Defense                  Time % Phy DF OF 
 1 Kris Russell             David Fischer            60     1   2  2  
 2 Joey Ryan                Tyson Barrie             40     1   2  2  

Last Minutes Offensive
   Center                   Left Wing                Right Wing               Defense                  Defense                  
   Tom Pyatt                Dany Roussin             Jay Beagle               Kris Russell             David Fischer            

Last Minutes Defensive
   Center                   Left Wing                Right Wing               Defense                  Defense                  
   Tom Pyatt                Dany Roussin             Jay Beagle               Kris Russell             David Fischer            

Goaltenders
Starting : Devan Dubnyk             
Backup : Erik Ersberg             

Extra Forwards
Normal : Dalton Smith, Joe Labate, Robin Leblanc - PP : Dalton Smith, Joe Labate - PK : Robin Leblanc
Extra Defensemen
Normal : Brett Festerling, Peter Andersson, Josiah Didier - PP : Brett Festerling - PK : Peter Andersson, Josiah Didier
Penalty Shots
Dany Roussin, Jay Beagle, Tom Pyatt, David Clarkson, Daultan Leveillé

Tamiflu

5 vs 5 Forward 
   Center                   Left Wing                Right Wing               Time % Phy DF OF 
 1 Greg Mauldin             Robert Dome              Petr Pohl                35     0   2  3  
 2 Jamie Arniel             Mattias Tedenby          Nino Niederreiter        35     0   2  3  
 3 Colin Greening           Tye McGinn               Mike Duco                20     1   2  2  
 4 Casey Wellman            Lucas Lessio             Jan Mursak               10     1   2  2  

5 vs 5 Defense 
   Defense                  Defense                                           Time % Phy DF OF 
 1 Philip Samuelsson        Stefan Elliott                                    40     1   2  2  
 2 Nathan Oystrick          Jordan Hendry                                     30     1   2  2  
 3 Justin Braun             Adam Larsson                                      20     1   2  2  
 4 Justin Braun             Adam Larsson                                      10     1   3  1  

PowerPlay Forward 
   Center                   Left Wing                Right Wing               Time % Phy DF OF 
 1 Greg Mauldin             Robert Dome              Petr Pohl                60     0   1  4  
 2 Jamie Arniel             Tye McGinn               Nino Niederreiter        40     0   1  4  

PowerPlay Defense
   Defense                  Defense                                           Time % Phy DF OF 
 1 Philip Samuelsson        Jordan Hendry                                     60     0   2  3  
 2 Nathan Oystrick          Stefan Elliott                                    40     0   2  3  

Penalty Kill 4 Players Forward 
   Center                   Wing                     Time % Phy DF OF 
 1 Petr Pohl                Jan Mursak               60     1   3  1  
 2 Jamie Arniel             Nino Niederreiter        40     1   3  1  

Penalty Kill 4 Players Defense
   Defense                  Defense                  Time % Phy DF OF 
 1 Nathan Oystrick          Adam Larsson             50     1   3  1  
 2 Philip Samuelsson        Jordan Hendry            50     1   3  1  

Penalty Kill - 3 Players Forward 
   Forward                                           Time % Phy DF OF 
 1 Jan Mursak                                        60     1   4  0  
 2 Nino Niederreiter                                 40     1   4  0  

Penalty Kill - 3 Players Defense
   Defense                  Defense                  Time % Phy DF OF 
 1 Nathan Oystrick          Jordan Hendry            60     1   4  0  
 2 Philip Samuelsson        Adam Larsson             40     1   4  0  

4 vs 4 Forward 
   Center                   Wing                     Time % Phy DF OF 
 1 Greg Mauldin             Petr Pohl                50     1   2  2  
 2 Robert Dome              Nino Niederreiter        50     1   2  2  

4 vs 4 Defense
   Defense                  Defense                  Time % Phy DF OF 
 1 Philip Samuelsson        Jordan Hendry            60     1   2  2  
 2 Nathan Oystrick          Justin Braun             40     1   2  2  

Last Minutes Offensive
   Center                   Left Wing                Right Wing               Defense                  Defense                  
   Greg Mauldin             Robert Dome              Petr Pohl                Philip Samuelsson        Jordan Hendry            

Last Minutes Defensive
   Center                   Left Wing                Right Wing               Defense                  Defense                  
   Jamie Arniel             Jan Mursak               Nino Niederreiter        Philip Samuelsson        Nathan Oystrick          

Goaltenders
Starting : Thomas Greiss            
Backup : Joe Fallon               

Extra Forwards
Normal : Petr Pohl, Nino Niederreiter, Mattias Tedenby - PP : Mattias Tedenby, Mike Duco - PK : Greg Mauldin
Extra Defensemen
Normal : Philip Samuelsson, Jordan Hendry, Adam Larsson - PP : Nathan Oystrick - PK : Stefan Elliott, Jordan Hendry
Penalty Shots
Mattias Tedenby, Jamie Arniel, Robert Dome, Greg Mauldin, Casey Wellman

% Time on Ice - Thunder

Lines # - Real PCT - Wanted PCT - Time Play
Normal Forward
1 - 33% - 40% - 12:35
2 - 25% - 30% - 9:22
3 - 26% - 20% - 9:59
4 - 15% - 10% - 5:45
Normal Defense
1 - 37% - 40% - 13:58
2 - 33% - 30% - 12:18
3 - 28% - 20% - 10:33
4 - 2% - 10% - 0:52
PP Forward
1 - 65% - 60% - 9:04
2 - 35% - 40% - 4:52
PP Defense
1 - 64% - 60% - 8:55
2 - 36% - 40% - 5:01
PK Forward
1 - 69% - 60% - 5:06
2 - 31% - 40% - 2:20
PK Defense
1 - 72% - 60% - 5:19
2 - 28% - 40% - 2:07
PK3 Forward
1 - 0% - 60%
2 - 0% - 40%
PK3 Defense
1 - 0% - 60%
2 - 0% - 40%
44 Forward
1 - 83% - 60% - 1:48
2 - 17% - 40% - 0:22
44 Defense
1 - 45% - 60% - 0:59
2 - 55% - 40% - 1:11
Last Minute Offensive  - 0:00
Last Minute Defensive  - 0:00
Total
Forward - 61:13
Defense - 61:13

% Time on Ice - Tamiflu

Lines # - Real PCT - Wanted PCT - Time Play
Normal Forward
1 - 33% - 35% - 12:19
2 - 30% - 35% - 11:13
3 - 23% - 20% - 8:43
4 - 14% - 10% - 5:26
Normal Defense
1 - 43% - 40% - 16:03
2 - 33% - 30% - 12:17
3 - 19% - 20% - 7:03
4 - 6% - 10% - 2:18
PP Forward
1 - 51% - 60% - 3:47
2 - 49% - 40% - 3:39
PP Defense
1 - 58% - 60% - 4:17
2 - 42% - 40% - 3:09
PK Forward
1 - 68% - 60% - 8:34
2 - 32% - 40% - 4:00
PK Defense
1 - 50% - 50% - 6:14
2 - 50% - 50% - 6:20
PK3 Forward
1 - 74% - 60% - 1:01
2 - 26% - 40% - 0:21
PK3 Defense
1 - 74% - 60% - 1:01
2 - 26% - 40% - 0:21
44 Forward
1 - 44% - 50% - 0:57
2 - 56% - 50% - 1:13
44 Defense
1 - 79% - 60% - 1:43
2 - 21% - 40% - 0:27
Last Minute Offensive  - 0:00
Last Minute Defensive  - 0:00
Total
Forward - 61:13
Defense - 61:13

Play by Play

1st period


0:01 of 1st period - Greg Mauldin wins face-off versus Tom Pyatt in neutral zone.
0:04 of 1st period - Snap shot by Greg Mauldin.
0:04 of 1st period - Shot Misses the Net.
0:32 of 1st period - Snap shot by Daultan Leveillé.
0:32 of 1st period - Shot Hit the Post.
0:48 of 1st period - Mike Duco is hit by Robin Leblanc.
2:02 of 1st period - Slapshot by Mike Duco.
2:02 of 1st period - Stopped by Devan Dubnyk with a rebound.
2:10 of 1st period - Backhand shot by Tye McGinn.
2:10 of 1st period - Deflect By Colin Greening.
2:10 of 1st period - Stopped by Devan Dubnyk with a rebound.
2:12 of 1st period - Backhand shot by Stefan Elliott.
2:12 of 1st period - Stopped by Devan Dubnyk with a rebound.
2:14 of 1st period - Slapshot by Mike Duco.
2:14 of 1st period - Stopped by Devan Dubnyk without a rebound.
2:15 of 1st period - Tom Pyatt wins face-off versus Jamie Arniel in Thunder zone.
2:23 of 1st period - Slapshot by Nathan Oystrick.
2:23 of 1st period - Shot Misses the Net.
2:25 of 1st period - Snap shot by Jordan Hendry.
2:25 of 1st period - Stopped by Devan Dubnyk with a rebound.
2:27 of 1st period - Slapshot by Jordan Hendry.
2:27 of 1st period - Stopped by Devan Dubnyk without a rebound.
2:28 of 1st period - Tom Pyatt wins face-off versus Greg Mauldin in Thunder zone.
2:37 of 1st period - Slapshot by Kris Russell.
2:37 of 1st period - Shot Misses the Net.
2:53 of 1st period - Nathan Oystrick is hit by Kris Russell and loses puck.
2:58 of 1st period - Wrist shot by Magnus Paajarvi-Svensson.
2:58 of 1st period - Shot Misses the Net.
3:13 of 1st period - Icing by Joey Ryan.
3:14 of 1st period - Casey Wellman wins face-off versus Kelly Zajac in Thunder zone.
3:19 of 1st period - Backhand shot by Jan Mursak.
3:19 of 1st period - Stopped by Devan Dubnyk with a rebound.
3:21 of 1st period - Snap shot by Jan Mursak.
3:21 of 1st period - Shot Misses the Net.
3:23 of 1st period - Snap shot by Lucas Lessio.
3:23 of 1st period - Shot Blocked by Joey Ryan.
3:40 of 1st period - Slapshot by Casey Wellman.
3:40 of 1st period - Shot Misses the Net.
3:42 of 1st period - Backhand shot by Adam Larsson.
3:42 of 1st period - Stopped by Devan Dubnyk with a rebound.
3:44 of 1st period - Slapshot by Justin Braun.
3:44 of 1st period - Shot Blocked by Tyson Barrie.
3:46 of 1st period - Slapshot by Adam Larsson.
3:46 of 1st period - Deflect By Casey Wellman.
3:46 of 1st period - Shot Blocked by Tyson Barrie.
3:46 of 1st period - Puck is out of play.
3:47 of 1st period - Tom Pyatt wins face-off versus Greg Mauldin in Thunder zone.
3:56 of 1st period - Slapshot by Dany Roussin.
3:56 of 1st period - Stopped by Thomas Greiss without a rebound.
3:57 of 1st period - Tom Pyatt wins face-off versus Petr Pohl in Tamiflu zone.
3:58 of 1st period - Snap shot by Jay Beagle.
3:58 of 1st period - Stopped by Thomas Greiss without a rebound.
3:59 of 1st period - David Clarkson wins face-off versus Jamie Arniel in Tamiflu zone.
4:08 of 1st period - Snap shot by Magnus Paajarvi-Svensson.
4:08 of 1st period - Stopped by Thomas Greiss without a rebound.
4:09 of 1st period - Daultan Leveillé wins face-off versus Jamie Arniel in Tamiflu zone.
4:17 of 1st period - Icing by Adam Larsson.
4:18 of 1st period - Jamie Arniel wins face-off versus Tom Pyatt in Tamiflu zone.
4:45 of 1st period - Nino Niederreiter is hit by David Clarkson and loses puck.
5:00 of 1st period - Slapshot by Kelly Zajac.
5:00 of 1st period - Shot Misses the Net.
5:06 of 1st period - Slapshot by Robert Dome.
5:06 of 1st period - Stopped by Devan Dubnyk with a rebound.
5:08 of 1st period - Slapshot by Adam Larsson.
5:08 of 1st period - Shot Blocked by Joey Ryan.
5:27 of 1st period - Snap shot by Jan Mursak.
5:27 of 1st period - Stopped by Devan Dubnyk with a rebound.
5:29 of 1st period - Backhand shot by Jan Mursak.
5:29 of 1st period - Shot Misses the Net.
5:39 of 1st period - Robin Leblanc is hit by Mike Duco and loses puck.
6:14 of 1st period - Tyson Barrie is hit by Nathan Oystrick and loses puck.
6:29 of 1st period - Wrist shot by Nino Niederreiter.
6:29 of 1st period - Shot Blocked by Joey Ryan.
6:45 of 1st period - Kris Russell is hit by Mike Duco and loses puck.
6:50 of 1st period - Snap shot by Tye McGinn.
6:50 of 1st period - Shot Blocked by Kris Russell.
6:52 of 1st period - Wrist shot by Tye McGinn.
6:52 of 1st period - Shot Blocked by Magnus Paajarvi-Svensson.
6:54 of 1st period - Slapshot by Jordan Hendry.
6:54 of 1st period - Stopped by Devan Dubnyk with a rebound.
7:09 of 1st period - Wrist shot by Kelly Zajac.
7:09 of 1st period - Shot Blocked by Justin Braun.
7:11 of 1st period - Slapshot by Kris Russell.
7:11 of 1st period - Deflect By Kelly Zajac.
7:11 of 1st period - Shot Blocked by Justin Braun.
7:11 of 1st period - Puck is out of play.
7:12 of 1st period - Jamie Arniel wins face-off versus Tom Pyatt in Tamiflu zone.
7:19 of 1st period - Snap shot by Jamie Arniel.
7:19 of 1st period - Shot Misses the Net.
7:37 of 1st period - Snap shot by Robert Dome.
7:37 of 1st period - Goal by Robert Dome - Thunder : 0 - Tamiflu : 1.
7:38 of 1st period - Greg Mauldin wins face-off versus Tom Pyatt in neutral zone.
8:29 of 1st period - Wrist shot by Casey Pierro-Zabotel.
8:29 of 1st period - Shot Blocked by Philip Samuelsson.
8:31 of 1st period - Wrist shot by Kelly Zajac.
8:31 of 1st period - Stopped by Thomas Greiss with a rebound.
8:33 of 1st period - Slapshot by Brett Festerling.
8:33 of 1st period - Shot Misses the Net.
8:35 of 1st period - Snap shot by Kelly Zajac.
8:35 of 1st period - Stopped by Thomas Greiss without a rebound.
8:36 of 1st period - Greg Mauldin wins face-off versus Tom Pyatt in Tamiflu zone.
8:41 of 1st period - Wrist shot by Dany Roussin.
8:41 of 1st period - Stopped by Thomas Greiss without a rebound.
8:42 of 1st period - Greg Mauldin wins face-off versus Jay Beagle in Tamiflu zone.
9:47 of 1st period - Minor Penalty to Nino Niederreiter for High sticking.
9:48 of 1st period - Petr Pohl wins face-off versus Tom Pyatt in Tamiflu zone.
10:01 of 1st period - Backhand shot by Jay Beagle.
10:01 of 1st period - Stopped by Thomas Greiss with a rebound.
10:33 of 1st period - Dany Roussin is hit by Jordan Hendry and loses puck.
10:42 of 1st period - Wrist shot by Greg Mauldin.
10:42 of 1st period - Goal by Greg Mauldin - Thunder : 0 - Tamiflu : 2.
10:43 of 1st period - Petr Pohl wins face-off versus Tom Pyatt in neutral zone.
10:47 of 1st period - Off-side.
10:48 of 1st period - Tom Pyatt wins face-off versus Petr Pohl in neutral zone.
10:50 of 1st period - Off-side.
10:51 of 1st period - Dany Roussin wins face-off versus Petr Pohl in neutral zone.
11:05 of 1st period - Snap shot by Dany Roussin.
11:05 of 1st period - Shot Misses the Net.
11:15 of 1st period - Snap shot by Dany Roussin.
11:15 of 1st period - Goal by Dany Roussin - Thunder : 1 - Tamiflu : 2.
11:16 of 1st period - Greg Mauldin wins face-off versus Tom Pyatt in neutral zone.
11:39 of 1st period - Minor Penalty to Tom Pyatt for Kneeing.
11:40 of 1st period - Dany Roussin wins face-off versus Greg Mauldin in Thunder zone.
11:49 of 1st period - Slapshot by Petr Pohl.
11:49 of 1st period - Goal by Petr Pohl - Thunder : 1 - Tamiflu : 3.
11:50 of 1st period - Tom Pyatt wins face-off versus Greg Mauldin in neutral zone.
12:38 of 1st period - Stefan Elliott is hit by Robin Leblanc.
13:40 of 1st period - Dany Roussin is hit by Philip Samuelsson and loses puck.
14:23 of 1st period - Wrist shot by Jan Mursak.
14:23 of 1st period - Goal by Jan Mursak - Thunder : 1 - Tamiflu : 4.
14:23 of 1st period - Erik Ersberg enters game.
14:24 of 1st period - Tom Pyatt wins face-off versus Greg Mauldin in neutral zone.
14:33 of 1st period - Wrist shot by Dany Roussin.
14:33 of 1st period - Shot Blocked by Philip Samuelsson.
14:35 of 1st period - Slapshot by Kris Russell.
14:35 of 1st period - Shot Hit the Post.
14:37 of 1st period - Snap shot by Jay Beagle.
14:37 of 1st period - Goal by Jay Beagle - Thunder : 2 - Tamiflu : 4.
14:38 of 1st period - Greg Mauldin wins face-off versus Tom Pyatt in neutral zone.
14:51 of 1st period - Wrist shot by Robert Dome.
14:51 of 1st period - Stopped by Erik Ersberg with a rebound.
15:05 of 1st period - Philip Samuelsson is hit by Daultan Leveillé.
15:16 of 1st period - Wrist shot by Magnus Paajarvi-Svensson.
15:16 of 1st period - Shot Misses the Net.
15:42 of 1st period - Minor Penalty to Mike Duco for Kneeing.
15:43 of 1st period - Petr Pohl wins face-off versus Tom Pyatt in Tamiflu zone.
16:11 of 1st period - Wrist shot by Dany Roussin.
16:11 of 1st period - Stopped by Thomas Greiss with a rebound.
16:13 of 1st period - Snap shot by Jay Beagle.
16:13 of 1st period - Shot Blocked by Nino Niederreiter.
16:15 of 1st period - Slapshot by Dany Roussin.
16:15 of 1st period - Shot Misses the Net.
16:17 of 1st period - Slapshot by David Fischer.
16:17 of 1st period - Stopped by Thomas Greiss without a rebound.
16:18 of 1st period - Daultan Leveillé wins face-off versus Jamie Arniel in Tamiflu zone.
16:19 of 1st period - Slapshot by David Clarkson.
16:19 of 1st period - Stopped by Thomas Greiss without a rebound.
16:19 of 1st period - Minor Penalty to Thomas Greiss for Slashing.
16:20 of 1st period - Tom Pyatt wins face-off versus Jan Mursak in Tamiflu zone.
16:27 of 1st period - Snap shot by Jay Beagle.
16:27 of 1st period - Stopped by Thomas Greiss with a rebound.
16:29 of 1st period - Snap shot by David Fischer.
16:29 of 1st period - Stopped by Thomas Greiss without a rebound.
16:30 of 1st period - Tom Pyatt wins face-off versus Jan Mursak in Tamiflu zone.
16:39 of 1st period - Snap shot by Tom Pyatt.
16:39 of 1st period - Stopped by Thomas Greiss with a rebound.
16:47 of 1st period - Wrist shot by Dany Roussin.
16:47 of 1st period - Stopped by Thomas Greiss without a rebound.
16:48 of 1st period - Jan Mursak wins face-off versus Daultan Leveillé in Tamiflu zone.
17:14 of 1st period - Jan Mursak is hit by David Fischer and loses puck.
17:24 of 1st period - Icing by Tom Pyatt.
17:25 of 1st period - Greg Mauldin wins face-off versus Tom Pyatt in Thunder zone.
17:42 of 1st period - Penalty to Mike Duco is over, Mike Duco is back on ice.
18:19 of 1st period - Penalty to Nino Niederreiter is over, Nino Niederreiter is back on ice.
19:12 of 1st period - Dany Roussin is hit by Nino Niederreiter and loses puck.
19:19 of 1st period - Snap shot by Tom Pyatt.
19:19 of 1st period - Stopped by Thomas Greiss with a rebound.
19:21 of 1st period - Snap shot by Tom Pyatt.
19:21 of 1st period - Stopped by Thomas Greiss with a rebound.
19:53 of 1st period - Slapshot by Tom Pyatt.
19:53 of 1st period - Stopped by Thomas Greiss with a rebound.
19:55 of 1st period - Slapshot by Tyson Barrie.
19:55 of 1st period - Stopped by Thomas Greiss with a rebound.
19:57 of 1st period - Slapshot by Tom Pyatt.
19:57 of 1st period - Shot Blocked by Philip Samuelsson.
19:59 of 1st period - Slapshot by Dany Roussin.
19:59 of 1st period - Shot Blocked by Greg Mauldin.
Goals for this period are 2 for Thunder vs 4 for Tamiflu.
Shots for this period are 20 for Thunder vs 16 for Tamiflu.

2nd period


0:01 of 2nd period - Robert Dome wins face-off versus Daultan Leveillé in neutral zone.
0:11 of 2nd period - Wrist shot by Robert Dome.
0:11 of 2nd period - Stopped by Erik Ersberg without a rebound.
0:12 of 2nd period - Daultan Leveillé wins face-off versus Greg Mauldin in Thunder zone.
0:21 of 2nd period - Snap shot by Greg Mauldin.
0:21 of 2nd period - Deflect By Robert Dome.
0:21 of 2nd period - Shot Hit the Post.
0:21 of 2nd period - Puck is out of play.
0:22 of 2nd period - Greg Mauldin wins face-off versus Daultan Leveillé in Thunder zone.
0:33 of 2nd period - Wrist shot by Magnus Paajarvi-Svensson.
0:33 of 2nd period - Deflect By Daultan Leveillé.
0:33 of 2nd period - Goal by Daultan Leveillé - Thunder : 3 - Tamiflu : 4.
0:34 of 2nd period - Greg Mauldin wins face-off versus Daultan Leveillé in neutral zone.
0:49 of 2nd period - Snap shot by Petr Pohl.
0:49 of 2nd period - Stopped by Erik Ersberg with a rebound.
0:55 of 2nd period - Minor Penalty to Magnus Paajarvi-Svensson for Goalie Interference.
0:56 of 2nd period - Dany Roussin wins face-off versus Greg Mauldin in Thunder zone.
1:07 of 2nd period - Snap shot by Petr Pohl.
1:07 of 2nd period - Stopped by Erik Ersberg with a rebound.
1:09 of 2nd period - Backhand shot by Jordan Hendry.
1:09 of 2nd period - Shot Blocked by Kris Russell.
1:11 of 2nd period - Snap shot by Robert Dome.
1:11 of 2nd period - Goal by Robert Dome - Thunder : 3 - Tamiflu : 5.
1:12 of 2nd period - Tom Pyatt wins face-off versus Petr Pohl in neutral zone.
1:38 of 2nd period - Minor Penalty to Philip Samuelsson for Roughing.
1:39 of 2nd period - Tom Pyatt wins face-off versus Petr Pohl in Tamiflu zone.
1:40 of 2nd period - Snap shot by Dany Roussin.
1:40 of 2nd period - Stopped by Thomas Greiss with a rebound.
1:42 of 2nd period - Wrist shot by Dany Roussin.
1:42 of 2nd period - Shot Misses the Net.
1:44 of 2nd period - Slapshot by Kris Russell.
1:44 of 2nd period - Deflect By Dany Roussin.
1:44 of 2nd period - Shot Misses the Net.
1:44 of 2nd period - Puck is out of play.
1:45 of 2nd period - Petr Pohl wins face-off versus Tom Pyatt in Tamiflu zone.
3:13 of 2nd period - David Fischer is hit by Greg Mauldin and loses puck.
3:22 of 2nd period - Greg Mauldin is hit by Jay Beagle and loses puck.
3:38 of 2nd period - Penalty to Philip Samuelsson is over, Philip Samuelsson is back on ice.
3:46 of 2nd period - Icing by Tyson Barrie.
3:47 of 2nd period - Evgeny Kuznetsov wins face-off versus Tye McGinn in Thunder zone.
4:12 of 2nd period - Slapshot by Philip Samuelsson.
4:12 of 2nd period - Stopped by Erik Ersberg with a rebound.
4:18 of 2nd period - Nino Niederreiter is hit by Jared Staal and loses puck.
4:31 of 2nd period - Stefan Elliott is hit by David Fischer and loses puck.
4:42 of 2nd period - Slapshot by Tom Pyatt.
4:42 of 2nd period - Shot Misses the Net.
4:45 of 2nd period - Icing by Justin Braun.
4:46 of 2nd period - Greg Mauldin wins face-off versus Tom Pyatt in Tamiflu zone.
4:55 of 2nd period - Slapshot by Dany Roussin.
4:55 of 2nd period - Shot Misses the Net.
5:09 of 2nd period - Wrist shot by Petr Pohl.
5:09 of 2nd period - Stopped by Erik Ersberg without a rebound.
5:10 of 2nd period - Jamie Arniel wins face-off versus Daultan Leveillé in Thunder zone.
5:30 of 2nd period - Minor Penalty to Mattias Tedenby for Interference.
5:31 of 2nd period - Petr Pohl wins face-off versus Dany Roussin in Tamiflu zone.
5:57 of 2nd period - Jamie Arniel is hit by Magnus Paajarvi-Svensson and loses puck.
6:02 of 2nd period - Slapshot by David Clarkson.
6:02 of 2nd period - Stopped by Thomas Greiss without a rebound.
6:03 of 2nd period - Petr Pohl wins face-off versus Daultan Leveillé in Tamiflu zone.
6:36 of 2nd period - Slapshot by Magnus Paajarvi-Svensson.
6:36 of 2nd period - Shot Misses the Net.
6:38 of 2nd period - Backhand shot by Kris Russell.
6:38 of 2nd period - Stopped by Thomas Greiss without a rebound.
6:39 of 2nd period - Tom Pyatt wins face-off versus Jamie Arniel in Tamiflu zone.
6:46 of 2nd period - Wrist shot by Tom Pyatt.
6:46 of 2nd period - Stopped by Thomas Greiss without a rebound.
6:47 of 2nd period - Jamie Arniel wins face-off versus Tom Pyatt in Tamiflu zone.
7:00 of 2nd period - Snap shot by Tom Pyatt.
7:00 of 2nd period - Stopped by Thomas Greiss with a rebound.
7:30 of 2nd period - Penalty to Mattias Tedenby is over, Mattias Tedenby is back on ice.
7:51 of 2nd period - Minor Penalty to Petr Pohl for Tripping.
7:52 of 2nd period - Tom Pyatt wins face-off versus Greg Mauldin in Tamiflu zone.
8:45 of 2nd period - Snap shot by Dany Roussin.
8:45 of 2nd period - Goal by Dany Roussin - Thunder : 4 - Tamiflu : 5.
8:46 of 2nd period - Greg Mauldin wins face-off versus Daultan Leveillé in neutral zone.
9:17 of 2nd period - Jamie Arniel is hit by Evgeny Kuznetsov and loses puck.
9:56 of 2nd period - Wrist shot by Dany Roussin.
9:56 of 2nd period - Shot Misses the Net.
9:58 of 2nd period - Snap shot by Jay Beagle.
9:58 of 2nd period - Shot Misses the Net.
10:10 of 2nd period - Justin Braun is hit by David Clarkson and loses puck.
10:32 of 2nd period - Wrist shot by Evgeny Kuznetsov.
10:32 of 2nd period - Stopped by Thomas Greiss with a rebound.
10:34 of 2nd period - Slapshot by Brett Festerling.
10:34 of 2nd period - Shot Blocked by Adam Larsson.
10:36 of 2nd period - Wrist shot by Robin Leblanc.
10:36 of 2nd period - Stopped by Thomas Greiss with a rebound.
11:06 of 2nd period - Snap shot by Petr Pohl.
11:06 of 2nd period - Stopped by Erik Ersberg with a rebound.
11:08 of 2nd period - Slapshot by Justin Braun.
11:08 of 2nd period - Stopped by Erik Ersberg without a rebound.
11:09 of 2nd period - Greg Mauldin wins face-off versus Daultan Leveillé in Thunder zone.
11:27 of 2nd period - Minor Penalty to Daultan Leveillé for Roughing.
11:28 of 2nd period - Dany Roussin wins face-off versus Greg Mauldin in Thunder zone.
11:44 of 2nd period - Wrist shot by Robert Dome.
11:44 of 2nd period - Deflect By Kris Russell.
11:44 of 2nd period - Shot Misses the Net.
11:44 of 2nd period - Puck is out of play.
11:45 of 2nd period - Jamie Arniel wins face-off versus Dany Roussin in Thunder zone.
11:50 of 2nd period - Backhand shot by Nino Niederreiter.
11:50 of 2nd period - Shot Misses the Net.
12:16 of 2nd period - Philip Samuelsson is hit by David Clarkson and loses puck.
12:27 of 2nd period - Snap shot by David Clarkson.
12:27 of 2nd period - Deflect By Tom Pyatt.
12:27 of 2nd period - Stopped by Thomas Greiss without a rebound.
12:28 of 2nd period - Dany Roussin wins face-off versus Jamie Arniel in Tamiflu zone.
12:51 of 2nd period - Kris Russell is hit by Petr Pohl and loses puck.
13:27 of 2nd period - Penalty to Daultan Leveillé is over, Daultan Leveillé is back on ice.
13:58 of 2nd period - Off-side.
13:59 of 2nd period - Colin Greening wins face-off versus Evgeny Kuznetsov in neutral zone.
14:01 of 2nd period - Off-side.
14:02 of 2nd period - Evgeny Kuznetsov wins face-off versus Colin Greening in neutral zone.
14:05 of 2nd period - Adam Larsson is hit by Brett Festerling and loses puck.
14:32 of 2nd period - Slapshot by Mike Duco.
14:32 of 2nd period - Stopped by Erik Ersberg without a rebound.
14:33 of 2nd period - Greg Mauldin wins face-off versus Daultan Leveillé in Thunder zone.
14:43 of 2nd period - Off-side.
14:44 of 2nd period - Greg Mauldin wins face-off versus Daultan Leveillé in neutral zone.
16:34 of 2nd period - Peter Andersson is hit by Nathan Oystrick and loses puck.
17:05 of 2nd period - Jordan Hendry is hit by David Clarkson and loses puck.
17:44 of 2nd period - Wrist shot by Evgeny Kuznetsov.
17:44 of 2nd period - Shot Misses the Net.
18:14 of 2nd period - Snap shot by Colin Greening.
18:14 of 2nd period - Stopped by Erik Ersberg with a rebound.
18:26 of 2nd period - Wrist shot by Tom Pyatt.
18:26 of 2nd period - Stopped by Thomas Greiss without a rebound.
18:27 of 2nd period - Tom Pyatt wins face-off versus Casey Wellman in Tamiflu zone.
18:32 of 2nd period - Wrist shot by Dany Roussin.
18:32 of 2nd period - Stopped by Thomas Greiss with a rebound.
18:53 of 2nd period - Robin Leblanc is hit by Greg Mauldin.
19:25 of 2nd period - Kris Russell is hit by Nino Niederreiter and loses puck.
19:37 of 2nd period - Minor Penalty to Tye McGinn for Holding.
19:38 of 2nd period - Petr Pohl wins face-off versus Dany Roussin in Tamiflu zone.
19:47 of 2nd period - Snap shot by Jay Beagle.
19:47 of 2nd period - Stopped by Thomas Greiss with a rebound.
19:49 of 2nd period - Slapshot by Joey Ryan.
19:49 of 2nd period - Shot Blocked by Petr Pohl.
Goals for this period are 2 for Thunder vs 1 for Tamiflu.
Shots for this period are 13 for Thunder vs 10 for Tamiflu.

3rd period


0:01 of 3rd period - Petr Pohl wins face-off versus Tom Pyatt in neutral zone.
0:12 of 3rd period - Wrist shot by Dany Roussin.
0:12 of 3rd period - Shot Hit the Post.
0:39 of 3rd period - Snap shot by Jamie Arniel.
0:39 of 3rd period - Stopped by Erik Ersberg without a rebound.
0:40 of 3rd period - Petr Pohl wins face-off versus Tom Pyatt in Thunder zone.
1:09 of 3rd period - Nathan Oystrick is hit by Magnus Paajarvi-Svensson and loses puck.
1:37 of 3rd period - Penalty to Tye McGinn is over, Tye McGinn is back on ice.
1:41 of 3rd period - Icing by Tye McGinn.
1:42 of 3rd period - Evgeny Kuznetsov wins face-off versus Petr Pohl in Tamiflu zone.
2:25 of 3rd period - Wrist shot by Evgeny Kuznetsov.
2:25 of 3rd period - Shot Misses the Net.
2:41 of 3rd period - Wrist shot by Tye McGinn.
2:41 of 3rd period - Shot Misses the Net.
2:43 of 3rd period - Wrist shot by Petr Pohl.
2:43 of 3rd period - Shot Misses the Net.
2:45 of 3rd period - Snap shot by Philip Samuelsson.
2:45 of 3rd period - Shot Blocked by Robin Leblanc.
2:47 of 3rd period - Slapshot by Jan Mursak.
2:47 of 3rd period - Stopped by Erik Ersberg with a rebound.
2:49 of 3rd period - Wrist shot by Tye McGinn.
2:49 of 3rd period - Shot Blocked by Evgeny Kuznetsov.
2:51 of 3rd period - Slapshot by Philip Samuelsson.
2:51 of 3rd period - Stopped by Erik Ersberg with a rebound.
2:53 of 3rd period - Slapshot by Philip Samuelsson.
2:53 of 3rd period - Shot Blocked by Robin Leblanc.
2:55 of 3rd period - Snap shot by Tye McGinn.
2:55 of 3rd period - Goal by Tye McGinn - Thunder : 4 - Tamiflu : 6.
2:56 of 3rd period - Tom Pyatt wins face-off versus Mattias Tedenby in neutral zone.
2:59 of 3rd period - Snap shot by Jay Beagle.
2:59 of 3rd period - Shot Blocked by Jamie Arniel.
3:01 of 3rd period - Backhand shot by Kris Russell.
3:01 of 3rd period - Shot Misses the Net.
3:03 of 3rd period - Slapshot by David Fischer.
3:03 of 3rd period - Goal by David Fischer - Thunder : 5 - Tamiflu : 6.
3:04 of 3rd period - Dany Roussin wins face-off versus Jamie Arniel in neutral zone.
3:11 of 3rd period - David Fischer is hit by Nino Niederreiter and loses puck.
3:52 of 3rd period - Slapshot by Philip Samuelsson.
3:52 of 3rd period - Deflect By Greg Mauldin.
3:52 of 3rd period - Stopped by Erik Ersberg without a rebound.
3:53 of 3rd period - Greg Mauldin wins face-off versus Evgeny Kuznetsov in Thunder zone.
3:56 of 3rd period - Wrist shot by Petr Pohl.
3:56 of 3rd period - Shot Misses the Net.
3:58 of 3rd period - Slapshot by Robert Dome.
3:58 of 3rd period - Shot Misses the Net.
4:00 of 3rd period - Snap shot by Petr Pohl.
4:00 of 3rd period - Stopped by Erik Ersberg without a rebound.
4:01 of 3rd period - Nino Niederreiter wins face-off versus Tom Pyatt in Thunder zone.
4:02 of 3rd period - Slapshot by Mattias Tedenby.
4:02 of 3rd period - Deflect By Jamie Arniel.
4:02 of 3rd period - Shot Blocked by David Fischer.
4:02 of 3rd period - Puck is out of play.
4:03 of 3rd period - Tom Pyatt wins face-off versus Jamie Arniel in Thunder zone.
4:03 of 3rd period - Tom Pyatt is hit by Nathan Oystrick.
4:13 of 3rd period - Mattias Tedenby is hit by Dany Roussin and loses puck.
4:32 of 3rd period - Slapshot by Kris Russell.
4:32 of 3rd period - Stopped by Thomas Greiss without a rebound.
4:33 of 3rd period - Greg Mauldin wins face-off versus Daultan Leveillé in Tamiflu zone.
4:58 of 3rd period - Snap shot by Tom Pyatt.
4:58 of 3rd period - Stopped by Thomas Greiss with a rebound.
5:03 of 3rd period - Slapshot by Dany Roussin.
5:03 of 3rd period - Goal by Dany Roussin - Thunder : 6 - Tamiflu : 6.
5:04 of 3rd period - Jamie Arniel wins face-off versus Tom Pyatt in neutral zone.
5:06 of 3rd period - Minor Penalty to Nino Niederreiter for High sticking.
5:07 of 3rd period - Petr Pohl wins face-off versus Tom Pyatt in Tamiflu zone.
5:45 of 3rd period - Slapshot by David Fischer.
5:45 of 3rd period - Deflect By Nathan Oystrick.
5:45 of 3rd period - Stopped by Thomas Greiss with a rebound.
5:47 of 3rd period - Slapshot by David Clarkson.
5:47 of 3rd period - Shot Misses the Net.
6:08 of 3rd period - Minor Penalty to Tyson Barrie for High sticking.
6:09 of 3rd period - Dany Roussin wins face-off versus Petr Pohl in Thunder zone.
6:14 of 3rd period - Petr Pohl is hit by Brett Festerling and loses puck.
6:32 of 3rd period - Icing by Jordan Hendry.
6:33 of 3rd period - Robert Dome wins face-off versus Dany Roussin in Tamiflu zone.
6:50 of 3rd period - Slapshot by Robert Dome.
6:50 of 3rd period - Stopped by Erik Ersberg with a rebound.
7:06 of 3rd period - Penalty to Nino Niederreiter is over, Nino Niederreiter is back on ice.
7:35 of 3rd period - Snap shot by Robert Dome.
7:35 of 3rd period - Shot Misses the Net.
8:08 of 3rd period - Penalty to Tyson Barrie is over, Tyson Barrie is back on ice.
8:17 of 3rd period - Wrist shot by Mike Duco.
8:17 of 3rd period - Deflect By Tye McGinn.
8:17 of 3rd period - Stopped by Erik Ersberg without a rebound.
8:18 of 3rd period - Colin Greening wins face-off versus Evgeny Kuznetsov in Thunder zone.
8:19 of 3rd period - Snap shot by Mike Duco.
8:19 of 3rd period - Deflect By Evgeny Kuznetsov.
8:19 of 3rd period - Stopped by Erik Ersberg with a rebound.
8:21 of 3rd period - Wrist shot by Mike Duco.
8:21 of 3rd period - Stopped by Erik Ersberg with a rebound.
8:23 of 3rd period - Snap shot by Tye McGinn.
8:23 of 3rd period - Stopped by Erik Ersberg with a rebound.
8:25 of 3rd period - Slapshot by Stefan Elliott.
8:25 of 3rd period - Shot Blocked by Evgeny Kuznetsov.
8:27 of 3rd period - Slapshot by Stefan Elliott.
8:27 of 3rd period - Shot Misses the Net.
8:29 of 3rd period - Snap shot by Mike Duco.
8:29 of 3rd period - Shot Blocked by Tyson Barrie.
8:31 of 3rd period - Slapshot by Philip Samuelsson.
8:31 of 3rd period - Stopped by Erik Ersberg without a rebound.
8:32 of 3rd period - Kelly Zajac wins face-off versus Colin Greening in Thunder zone.
8:32 of 3rd period - Kelly Zajac is hit by Tye McGinn.
8:54 of 3rd period - Minor Penalty to Philip Samuelsson for Roughing.
8:55 of 3rd period - Petr Pohl wins face-off versus Dany Roussin in Tamiflu zone.
9:20 of 3rd period - David Fischer is hit by Nino Niederreiter.
9:26 of 3rd period - Snap shot by David Clarkson.
9:26 of 3rd period - Deflect By Magnus Paajarvi-Svensson.
9:26 of 3rd period - Shot Misses the Net.
9:26 of 3rd period - Puck is out of play.
9:27 of 3rd period - Jamie Arniel wins face-off versus Tom Pyatt in Tamiflu zone.
9:32 of 3rd period - Snap shot by Jamie Arniel.
9:32 of 3rd period - Stopped by Erik Ersberg without a rebound.
9:33 of 3rd period - Tom Pyatt wins face-off versus Petr Pohl in Thunder zone.
9:49 of 3rd period - Wrist shot by Tom Pyatt.
9:49 of 3rd period - Shot Misses the Net.
10:05 of 3rd period - Snap shot by Nino Niederreiter.
10:05 of 3rd period - Shot Misses the Net.
10:54 of 3rd period - Penalty to Philip Samuelsson is over, Philip Samuelsson is back on ice.
11:41 of 3rd period - Icing by Stefan Elliott.
11:42 of 3rd period - Tom Pyatt wins face-off versus Greg Mauldin in Tamiflu zone.
11:53 of 3rd period - Wrist shot by Dany Roussin.
11:53 of 3rd period - Shot Blocked by Stefan Elliott.
12:30 of 3rd period - Snap shot by Tye McGinn.
12:30 of 3rd period - Shot Misses the Net.
12:32 of 3rd period - Backhand shot by Tye McGinn.
12:32 of 3rd period - Shot Blocked by David Fischer.
13:11 of 3rd period - Wrist shot by Robin Leblanc.
13:11 of 3rd period - Deflect By Evgeny Kuznetsov.
13:11 of 3rd period - Shot Misses the Net.
13:11 of 3rd period - Puck is out of play.
13:12 of 3rd period - Evgeny Kuznetsov wins face-off versus Jamie Arniel in Tamiflu zone.
13:47 of 3rd period - Dany Roussin is hit by Tye McGinn and loses puck.
14:26 of 3rd period - Tyson Barrie is hit by Stefan Elliott and loses puck.
14:47 of 3rd period - Wrist shot by Evgeny Kuznetsov.
14:47 of 3rd period - Stopped by Thomas Greiss with a rebound.
14:49 of 3rd period - Wrist shot by Evgeny Kuznetsov.
14:49 of 3rd period - Stopped by Thomas Greiss with a rebound.
15:13 of 3rd period - Snap shot by Tye McGinn.
15:13 of 3rd period - Deflect By Mike Duco.
15:13 of 3rd period - Shot Blocked by David Fischer.
15:13 of 3rd period - Puck is out of play.
15:14 of 3rd period - Greg Mauldin wins face-off versus Evgeny Kuznetsov in Thunder zone.
15:46 of 3rd period - Wrist shot by Tye McGinn.
15:46 of 3rd period - Deflect By Mike Duco.
15:46 of 3rd period - Stopped by Erik Ersberg with a rebound.
15:48 of 3rd period - Wrist shot by Colin Greening.
15:48 of 3rd period - Stopped by Erik Ersberg with a rebound.
15:54 of 3rd period - Double Minor Penalty to Tom Pyatt for Roughing.
15:55 of 3rd period - Greg Mauldin wins face-off versus Dany Roussin in Thunder zone.
16:21 of 3rd period - Icing by Jordan Hendry.
16:22 of 3rd period - Dany Roussin wins face-off versus Jamie Arniel in Tamiflu zone.
16:23 of 3rd period - Slapshot by Jay Beagle.
16:23 of 3rd period - Stopped by Thomas Greiss with a rebound.
16:25 of 3rd period - Slapshot by Kris Russell.
16:25 of 3rd period - Stopped by Thomas Greiss with a rebound.
19:06 of 3rd period - Stefan Elliott is hit by Tyson Barrie and loses puck.
19:53 of 3rd period - Adam Larsson is hit by David Clarkson and loses puck.
19:54 of 3rd period - Penalty to Tom Pyatt is over, Tom Pyatt is back on ice.
19:58 of 3rd period - Snap shot by David Clarkson.
19:58 of 3rd period - Stopped by Thomas Greiss with a rebound.
Goals for this period are 2 for Thunder vs 1 for Tamiflu.
Shots for this period are 10 for Thunder vs 15 for Tamiflu.

Overtime #1


0:01 of 1st overtime period - Dany Roussin wins face-off versus Greg Mauldin in neutral zone.
1:11 of 1st overtime period - Wrist shot by David Clarkson.
1:11 of 1st overtime period - Shot Blocked by Justin Braun.
1:13 of 1st overtime period - Slapshot by Tyson Barrie.
1:13 of 1st overtime period - Goal by Tyson Barrie - Thunder : 7 - Tamiflu : 6.
Goals for this period are 1 for Thunder vs 0 for Tamiflu.
Shots for this period are 1 for Thunder vs 0 for Tamiflu.